 Dungeon Crawl Stone Soup version 0.29-a0-219-g0a02b1cf4f (webtiles) character file.

Game seed: 12674261490861870458

58 siradein the Digger (level 4, -1/33 HPs)
             Began as a Ghoul Earth Elementalist on Feb 25, 2022.
             Slain by a goblin
             ... wielding a +0 dagger
             ... led by Robin
              (4 damage)
             ... on level 2 of the Dungeon.
             The game lasted 00:06:50 (2992 turns).

siradein the Digger (Ghoul Earth Elementalist)      Turns: 2992, Time: 00:06:50

Health: -1/33      AC:  2    Str: 11    XL:     4   Next: 2%
Magic:  6/6        EV: 12    Int: 12    God:
Gold:   123        SH:  0    Dex:  9    Spells: 3/7 levels left

rFire   . . .      SeeInvis .   d - +0 short sword
rCold   + . .      Faith    .   (no shield)
rNeg    + + +      Spirit   .   b - +0 robe
rPois   ∞          Reflect  .   (no helmet)
rElec   .          Harm     .   (no cloak)
rCorr   .          Rampage  .   (no gloves)
Will    .....                   (no boots)
Stlth   ++........              g - amulet of magic regeneration
HPRegen 0.00/turn               (no ring)
MPRegen 0.50/turn               (no ring)

@: inhibited regen
A: claws 1, cold resistance 1, negative energy resistance 3, inhibited
regeneration, torment resistance 2
a: no special abilities


You were on level 2 of the Dungeon.
You visited 1 branch of the dungeon, and saw 3 of its levels.

You collected 123 gold pieces.

Inventory:

Hand Weapons
 d - a +0 short sword (weapon)
Missiles
 a - 89 stones
Armour
 b - a +0 robe (worn)
Jewellery
 g - an amulet of magic regeneration (around neck)
Scrolls
 c - a scroll of amnesia {unknown}
 i - 2 scrolls of blinking
 j - 2 scrolls of identify {unknown}
 k - a scroll of enchant armour {unknown}
 m - a scroll of teleportation {unknown}
 n - a scroll of acquirement {unknown}
Potions
 e - a potion of curing {unknown}
 h - a potion of magic {unknown}
 l - a potion of haste {unknown}


   Skills:
 + Level 2.3 Dodging
 - Level 2.1 Stealth
 + Level 2.3 Spellcasting
 + Level 0.0 Conjurations
 - Level 0.8 Transmutations
 * Level 4.3 Earth Magic


You had 3 spell levels left.
You knew the following spells:

 Your Spells              Type           Power      Damage    Failure   Level
a - Sandblast             Erth           22%        2d7       4%          1
b - Stone Arrow           Conj/Erth      12%        3d7       32%         3

Your spell library contained the following spells:

 Spells                   Type           Power      Damage    Failure   Level
 Passwall                 Tmut/Erth      5%         N/A       14%         2
 Petrify                  Tmut/Erth      7%         N/A       65%         4


Dungeon Overview and Level Annotations

Branches:
Dungeon (3/15)

Altars:

Annotations:
D:2 Robin


Innate Abilities, Weirdness & Mutations

You thrive by killing the living.
You are immune to poison.
You have sharp fingernails.
Your flesh is cold resistant. (rC+)
You are immune to negative energy. (rN+++)
You do not regenerate when monsters are visible.
You are immune to unholy pain and torment.


Message History

You feel better.
You hit the goblin.
You kill the goblin!
You have reached level 4!
Things that are here:
a +0 dagger; a +0 dagger You start resting.
HP restored.
There is a stone staircase leading down here.
You climb downwards.
Level annotation: Robin The goblin shouts!
Robin misses you. The goblin hits you with a +0 club. The hobgoblin hits you.
Robin throws the goblin at you!
There is a stone staircase leading up here.
Unknown command.
The goblin barely misses you. The goblin hits you but does no damage.
The ball python bites you. The ball python grabs you.
You stop ascending the stairs.
The ball python constricts you. The hobgoblin hits you.
Robin hits you with a +2 falchion of freezing!
Robin freezes you.
Unknown command.
You escape the ball python's grasp.
The goblin hits you but does no damage. The goblin hits you with a +0 club.
The goblin misses you.
Robin roars a battlecry!
The goblins go into a battle-frenzy!
The ball python closely misses you. The ball python barely misses you.
The hobgoblin hits you!
* * * LOW HITPOINT WARNING * * *
You climb upwards.
There is a stone staircase leading down here.
You can't go up here!
You hit the goblin.
You kill the goblin!
The goblin hits you with a +0 dagger.
* * * LOW HITPOINT WARNING * * *
Robin closely misses you. The hobgoblin barely misses you.
You barely miss the goblin. The goblin hits you with a +0 dagger.
You die...

### ###############.##
#................# #######
#.#############.#######..†... #.#
#....†....##### #.# ########..#
###.### #..# #.....# ##### #..#
#.....########@gS## ##..#####
#............ggg..#####........
#.....######...................
#...........[.......#####.#####
#####.######........#####.# #.#
##..............######
#######.####...#...........#.....
#................##...######..[..
#.#####.####...####........#..##.


You could see Robin, a hobgoblin (strong), 2 goblins and a ball python.

Vanquished Creatures
  An adder (D:2)
  2 worms (D:2)
  A dart slug (D:2)
  3 ball pythons (D:2)
  An endoplasm (D:2)
  2 giant cockroaches (D:2)
  8 hobgoblins
  A quokka (D:2)
  3 bats
  2 frilled lizards (D:2)
  8 goblins
  4 kobolds
  3 rats (D:2)
39 creatures vanquished.

Notes
Turn   | Place    | Note
-------+----------+-------------------------------------------
     0 | D:1      | siradein the Ghoul Earth Elementalist began the quest for
                  | the Orb.
     0 | D:1      | Reached XP level 1. HP: 14/14 MP: 2/2
   237 | D:1      | You fall into a shaft and drop 1 floor!
   566 | D:2      | Reached XP level 2. HP: 19/20 MP: 3/3
   758 | D:1      | Found a faded altar of an unknown god.
  1721 | D:2      | Reached skill level 4 in Earth Magic
  1721 | D:2      | Reached XP level 3. HP: 19/26 MP: 5/5
  2559 | D:2      | Learned a level 3 spell: Stone Arrow
  2787 | D:3      | Noticed Robin
  2938 | D:2      | Reached XP level 4. HP: 30/33 MP: 6/6
  2992 | D:2      | Slain by a goblin

Illustrated notes

Levels and vault maps discovered:
D:1:      lightli_arrival_statuegarden, layout_rooms, basic_ecumenical_altar
D:2:      minmay_chambers_of_twos, layout_loops_ring
D:3:      layout_rooms, minmay_cupped, uniq_robin

Skill      XL: |  1  2 |
---------------+-------+-----
Dodging        | 2 |  2.3
Spellcasting   | 2 |  2.3
Earth Magic    | 4 |  4.3
Stealth        | |  2.1
Transmutations | |  0.8

Action                   |  1- 3 |  4- 6 || total
-------------------------+-------+-------++-------
Melee: Short sword       |   176 |     2 ||   178
       Unarmed           |     5 |       ||     5
       Punch             |     2 |       ||     2
 Cast: Sandblast         |    14 |       ||    14
  Use: Scroll            |     1 |       ||     1
 Stab: Sleeping          |     1 |       ||     1
Armor: Plate armour      |    88 |       ||    88
       Robe              |    26 |     2 ||    28
Dodge: Dodged            |    82 |     7 ||    89

Table legend: (Time is in decaauts)
 A = Elapsed time spent in this place.
 B = Non-inter-level travel time spent in this place.
 C = Inter-level travel time spent in this place.
 D = Time resting spent in this place.
 E = Time spent auto-exploring this place.
 F = Levels seen in this place.
 G = Mean time per level.
                   A        B        C        D        E       F      G
               +--------+--------+--------+--------+--------+-----+--------+
         Total |   3013 |   2964 |     49 |    408 |   1955 |   3 | 1004.3 |
       Dungeon |   3013 |   2964 |     49 |    408 |   1955 |   3 | 1004.3 |
               +--------+--------+--------+--------+--------+-----+--------+

Top non-repeatable levels by time:
     D:2: 1970 daAuts
     D:1: 1031 daAuts
     D:3: 11 daAuts
